 Dungeon Crawl Stone Soup version 0.15.2 (webtiles) character file.

259 DrPain the Cutter (level 5, -2/25 HPs)
             Began as a Spriggan Assassin on Nov 12, 2014.
             Killed by divine providence
             ... invoked by an orc priest
              (15 damage)
             ... on Level 3 of the Dungeon.
             The game lasted 00:07:30 (3144 turns).

DrPain the Cutter (Spriggan Assassin)               Turns: 3144, Time: 00:07:30

HP  -2/25        AC  3     Str  8      XL: 5   Next: 95%
MP  10/10        EV 17     Int 12      God:
Gold 111         SH  0     Dex 18      Spells:  0 memorised,  4 levels left

rFire  . . .     SeeInvis +     w - +2 dagger
rCold  . . .     Clarity  .     c - +0 robe
rNeg   . . .     rCorr    .     (shield restricted)
rPois  .         rRot     .     (helmet restricted)
rElec  .         Spirit   .     d - +0 cloak
SustAb .         Warding  .     (gloves unavailable)
rMut   .         Stasis   .     (boots unavailable)
Gourm  .                        (no amulet)
MR     .....                    (no ring)
                                (no ring)

@: very quick, not resistant to hostile enchantments, stealthy
A: unfitting armour, see invisible, herbivore 3, speed 3, slow metabolism 2
a: no special abilities


You were on level 3 of the Dungeon.
You were not hungry.

You visited 1 branch of the dungeon, and saw 3 of its levels.

You collected 111 gold pieces.

Inventory:

Hand weapons
 f - a +0 blowgun
 w - a +2 dagger (weapon)
Missiles
 a - 119 stones (quivered)
 e - 2 curare-tipped needles
 g - a poisoned needle
Armour
 c - a +0 robe (worn)
 d - a +0 cloak (worn)
Comestibles
 k - 9 fruits
 l - 2 slices of pizza
 r - a bread ration
Scrolls
 h - 3 scrolls of enchant armour {unknown}
 i - a scroll of fog {unknown}
 m - a scroll of noise {unknown}
 n - 2 scrolls of identify {unknown}
 o - 2 scrolls of remove curse {unknown}
 p - 2 scrolls of enchant weapon {unknown}
 s - 3 scrolls of fear {unknown}
Potions
 b - a potion of porridge


   Skills:
 - Level 1.5 Fighting
 + Level 6.9 Short Blades
 - Level 2.1 Throwing
 - Level 1.5 Dodging
 - Level 5.8 Stealth


You had 4 spell levels left.
You didn't know any spells.

Dungeon Overview and Level Annotations

Branches:
Dungeon (3/15)

Altars:


Innate Abilities, Weirdness & Mutations

You are tiny and cannot use many weapons and most armour.
You have supernaturally acute eyesight.
You are a herbivore.
You cover ground extremely quickly.
You need consume almost no food.


Message History

Press: ? - help, Shift-Dir - straight line, f - orc priest
Aim: an orc priest, wielding a hand axe (hasn't noticed you)
You shoot a poisoned needle.
The poisoned needle barely misses the orc priest.
You hear the rusting of a distant drain.
Firing (i - inventory. (,) - cycle):
g - 2 poisoned needles (quivered)
Press: ? - help, Shift-Dir - straight line, f/p - orc priest
Aim: an orc priest, wielding a hand axe You shoot a poisoned needle.
The poisoned needle closely misses the orc priest.
The orc priest hits you with a hand axe.
Wield which item (- for none, * to show all)? (? for menu, Esc to quit)
w - a +2 dagger (weapon)
You closely miss the orc priest.
The orc priest hits you with a hand axe.
You completely miss the orc priest.
The orc priest invokes the aid of Beogh against you.
Something smites you!
Ouch! That really hurt!
You die...

## . #. ###.### .# ##
#.oo..# #.#. #(####.#
#<## ..... #.(...#
#..# .#.#..
#o##.###..# ......#
##@)(.....#
........###(#)##.#..#
#...#(.........#
#..#.%##..#....#
#..#..###.###..#
#..#.(# #.# #..#
......# .# #..#
.###.(.. .. ...# ..
..o.## . #


You could see an orc priest.

Vanquished Creatures
  A sky beast (D:3)
  Ijyb (D:2)
  Jessica (D:2)
  Terence (D:2)
  3 gnolls (D:2)
  2 adders
  4 worms (D:2)
  A giant gecko (D:2)
  5 orcs (D:3)
  4 bats
  3 goblins (D:2)
  4 hobgoblins (D:2)
  3 ball pythons
  7 giant newts
  4 kobolds
  7 rats
51 creatures vanquished.

Notes
Turn   | Place    | Note
--------------------------------------------------------------
     0 | D:1      | DrPain, the Spriggan Assassin, began the quest for the Orb.
     0 | D:1      | Reached XP level 1. HP: 10/10 MP: 2/2
   381 | D:1      | Reached XP level 2. HP: 11/14 MP: 4/4
   662 | D:2      | Noticed Jessica
   665 | D:2      | Killed Jessica
   907 | D:2      | Reached XP level 3. HP: 18/18 MP: 6/6
   921 | D:2      | Noticed Terence
   935 | D:2      | Killed Terence
  1320 | D:2      | Reached XP level 4. HP: 14/22 MP: 8/8
  1783 | D:2      | Reached skill level 5 in Short Blades
  2733 | D:2      | Gained mutation: Your muscles are strong. (Str +2) [potion of mutation]
  2733 | D:2      | Gained mutation: Your muscles are very strong. (Str +4) [potion of mutation]
  2733 | D:2      | Gained mutation: You can spit poison. [potion of mutation]
  2734 | D:2      | Lost mutation: You can spit poison. [potion of cure mutation]
  2734 | D:2      | Lost mutation: Your muscles are very strong. (Str +4) [potion of cure mutation]
  2734 | D:2      | Lost mutation: Your muscles are strong. (Str +2) [potion of cure mutation]
  2745 | D:2      | Noticed Ijyb
  2752 | D:2      | Killed Ijyb
  2752 | D:2      | Reached XP level 5. HP: 25/25 MP: 10/10
  3077 | D:3      | Noticed a sky beast
  3081 | D:3      | Killed a sky beast
  3081 | D:3      | Reached skill level 6 in Short Blades
  3144 | D:3      | Killed from afar by an orc priest

Action                   |  1- 3 |  4- 6 || total
-------------------------+-------+-------++-------
Melee: Dagger            |    67 |   115 ||   182
 Fire: Blowgun           |    17 |    14 ||    31
  Use: Potion            |     1 |     3 ||     4
 Stab: Sleeping          |     9 |     3 ||    12
       Distracted        |     1 |       ||     1
